 Dungeon Crawl Stone Soup version 0.27.1-2-g3b301248ec (webtiles) character file.

Game seed: 10155717293287152207

1083 Crownlay the Magician (level 8, -12/41 HPs)
             Began as a Gargoyle Earth Elementalist on Oct 4, 2021.
             Splashed by Pikel's acid (13 damage)
             ... on level 5 of the Dungeon.
             The game lasted 00:12:23 (5348 turns).

Crownlay the Magician (Gargoyle Earth Elementalist) Turns: 5348, Time: 00:12:24

Health: -12/41     AC:  6    Str: 13    XL:     8   Next: 30%
Magic:  13/19      EV: 11    Int: 17    God:
Gold:   197        SH:  0    Dex: 10    Spells: 17/21 levels left

rFire    . . .     SeeInvis .   p - staff of cold
rCold    + . .     Faith    .   (no shield)
rNeg     + . .     Spirit   .   u - +1 robe {Will+}
rPois    ∞         Reflect  .   b - +0 helmet
rElec    +         Harm     .   (no cloak)
rCorr    .         Rampage  .   v - +0 pair of gloves
Will     +....                  (no boots)
Stlth    ++........             d - amulet of regeneration
HPRegen  1.13/turn              (no ring)
MPRegen  0.16/turn              (no ring)

@: corroded
A: sickness immunity, AC +5, negative energy resistance 1, electricity
resistance, torment resistance 1, petrification resistance
a: no special abilities


You were on level 5 of the Dungeon.
You visited 1 branch of the dungeon, and saw 5 of its levels.
You also visited: Sewer.

You collected 197 gold pieces.

Inventory:

Missiles
 t - 67 stones
 w - a curare-tipped dart
Armour
 b - a +0 helmet (worn)
 u - a +1 robe of willpower (worn)
 v - a +0 pair of gloves (worn)
Magical Staves
 p - a staff of cold (weapon)
Jewellery
 a - a ring of positive energy
 d - an amulet of regeneration (around neck)
 m - a ring of wizardry
Wands
 s - a wand of iceblast (10)
Scrolls
 c - 2 scrolls of magic mapping {unknown}
 e - a scroll of summoning {unknown}
 f - a scroll of torment {unknown}
 g - a scroll of immolation {unknown}
 i - a scroll of enchant weapon {unknown}
 k - 4 scrolls of fear {unknown}
 l - 2 scrolls of identify {unknown}
 n - 2 scrolls of teleportation {unknown}
 r - 2 scrolls of holy word {unknown}
Potions
 h - 3 potions of flight
 j - 4 potions of curing
 o - a potion of might {unknown}
 q - a potion of lignification {unknown}


   Skills:
 - Level 1.5 Dodging
 - Level 2.1 Stealth
 * Level 7.4 Spellcasting
 - Level 0.7 Transmutations
 + Level 7.4 Earth Magic


You had 17 spell levels left.
You knew the following spells:

 Your Spells              Type           Power      Damage    Failure   Level
a - Sandblast             Erth           62%        2d14      1%          1
b - Stone Arrow           Conj/Erth      38%        3d9       7%          3

Your spell library contained the following spells:

 Spells                   Type           Power      Damage    Failure   Level
 Passwall                 Tmut/Erth      16%        N/A       3%          2
 Petrify                  Tmut/Erth      20%        N/A       21%         4


Dungeon Overview and Level Annotations

Branches:
Dungeon (5/15)              Sewer (visited)
 Temple: D:4-7

Altars:
Hepliaklqana

Shops:
D:1 (

Annotations:
D:5 Pikel


Innate Abilities, Weirdness & Mutations

You are immune to sickness and miasma.
Your stone body is resilient. (AC +5)
You are immune to poison.
You resist negative energy. (rN+)
You are resistant to electric shocks. (rElec)
You are resistant to unholy torment.
You are immune to petrification.


Message History

The lemure is severely wounded.
The bat hits you but does no damage. The lemure closely misses you.
The bat misses you.
The blast of sand hits the lemure!
You kill the lemure!
That felt strangely unrewarding.
The bat hits you but does no damage. x2
The blast of sand hits the bat!
You kill the bat!
Magic restored.
Done exploring.
You climb downwards.
Level annotation: Pikel The lemure hits you. x2
There is a stone staircase leading up here.
The lemure barely misses you.
You climb upwards.
There is a stone staircase leading down here.
The stone arrow hits the lemure!
The lemure is heavily wounded.
The lemure closely misses you.
The stone arrow hits the lemure!
You kill the lemure!
That felt strangely unrewarding.
Magic restored.
Done exploring.
You climb downwards.
Level annotation: Pikel
There is a stone staircase leading up here.
The stone arrow hits Pikel!!
Pikel is heavily wounded.
Pikel barely misses you.
The stone arrow misses Pikel.
The stone arrow misses the worm.
Pikel zaps a wand.
The bolt of acid hits you!! The acid corrodes you!
You are splashed with acid!
* * * LOW HITPOINT WARNING * * *
You are too injured to fight recklessly!
Pikel zaps a wand.
The bolt of acid hits you!
* * * LOW HITPOINT WARNING * * *
You are splashed with acid!
You die...

....##.##......... ......
.......#.......[... ......
#..#............... #.....
#..##.............. #.....
≈..........###.... ......
w...###....##...#### .. ......
.....#...####.####.#.... .#...
≈.....K..##....w........ ..##..
≈..#...5.......K@# ......
#..####..!....#..# ....... #..#
##.....##..#... ........ ..##
#....$.##....... ......... ...
###..>...............)...... ...
#.......#...................
.....#...#...##..................
......#....#..................
#.....>.......................


You could see Pikel and a worm.

Vanquished Creatures
  Grinder (D:3)
  A black bear (D:5)
  A necrophage (D:4)
  4 lemures (D:4)
  A kobold brigand (Sewer)
  A phantom (D:5)
  Blork the orc (D:4)
  2 scorpions
  A centaur zombie (D:5)
  A jelly (D:5)
  A hound (D:5)
  An orc priest (D:4)
  Jessica (D:2)
  2 iguanas (D:4)
  3 gnolls (D:2)
  5 adders
  2 river rats (Sewer)
  A worm (D:5)
  15 orcs
  6 ball pythons
  8 bats
  5 endoplasms
  A giant cockroach (D:1)
  4 goblins
  4 hobgoblins
  5 jackals
  2 quokkas
  2 frilled lizards
  7 kobolds
  5 rats
94 creatures vanquished.

Vanquished Creatures (others)
  A bat (D:5)
1 creature vanquished.

Grand Total: 95 creatures vanquished

Notes
Turn   | Place    | Note
-------+----------+-------------------------------------------
     0 | D:1      | Crownlay the Gargoyle Earth Elementalist began the quest
                  | for the Orb.
     0 | D:1      | Reached XP level 1. HP: 10/10 MP: 3/3
    29 | D:1      | Found Hahash Qaddu's Antique Weapon Boutique.
   226 | D:1      | Reached XP level 2. HP: 13/15 MP: 5/5
  1126 | D:2      | Reached XP level 3. HP: 19/19 MP: 7/7
  1442 | D:2      | Reached XP level 4. HP: 24/24 MP: 0/9
  1630 | D:2      | Noticed Jessica
  1634 | D:2      | Killed Jessica
  1995 | D:3      | Learned a level 3 spell: Stone Arrow
  2091 | D:3      | Found a faded altar of an unknown god.
  2250 | D:3      | Reached XP level 5. HP: 23/28 MP: 3/10
  2762 | D:4      | Reached skill level 5 in Earth Magic
  2956 | D:4      | Noticed Grinder
  2964 | D:4      | Identified the +1 ring mail "Urhe" {Str+5}
  3160 | D:4      | Paralysed by Grinder for 5 turns
  3170 | D:3      | Paralysed by Grinder for 3 turns
  3180 | D:3      | Killed Grinder
  3181 | D:3      | Reached skill level 5 in Spellcasting
  3181 | D:3      | Reached XP level 6. HP: 13/32 MP: 1/14
  3825 | D:4      | Noticed Blork the orc
  3836 | D:4      | Killed Blork the orc
  3837 | D:4      | Reached XP level 7. HP: 12/36 MP: 0/15
  4276 | D:4      | Found a hazy altar of Hepliaklqana.
  4580 | D:5      | Entered Level 5 of the Dungeon
  4832 | D:5      | Reached XP level 8. HP: 20/41 MP: 8/18
  4884 | D:5      | Found a glowing drain.
  4888 | D:5      | Noticed Pikel
  4894 | Sewer    | Entered a sewer
  5093 | Sewer    | Found a white marble altar of Elyvilon.
  5348 | D:5      | HP: 1/41 [Pikel/bolt of acid (11)]
  5348 | D:5      | Splashed by Pikel's acid

Illustrated notes

Levels and vault maps discovered:
D:1:      scummos_arrival_hexagon, layout_loops_corners, serial_shops,
          nicolae_square_shop
D:2:      layout_loops_ring, minmay_misc_feat_doors, hangedman_decor_growths,
          uniq_jessica
D:3:      layout_rooms, shapermc_ecumenical_altar_acropolis
D:4:      layout_loops_cross, nicolae_hepliaklqana_hippocampus, uniq_grinder,
          uniq_blork_the_orc
D:5:      layout_cave_pools, cheibrodos_sewer_entry_sluice, uniq_pikel

Skill      XL: |  1  2  3  4  5  6  7  8 |
---------------+-------------------------+-----
Earth Magic    | 4 5 6 7 |  7.4
Spellcasting   | 3 5 6 7 |  7.4
Dodging        | |  1.5
Stealth        | |  2.1
Transmutations | |  0.7

Action                   |  1- 3 |  4- 6 |  7- 9 || total
-------------------------+-------+-------+-------++-------
Melee: Unarmed           |   114 |    23 |       ||   137
       Staff             |       |    61 |    99 ||   160
 Cast: Sandblast         |    20 |    10 |    48 ||    78
       Stone Arrow       |       |    40 |    21 ||    61
  Use: Potion            |       |     1 |     1 ||     2
 Stab: Sleeping          |     6 |       |       ||     6
Armor: Robe              |    54 |    50 |    87 ||   191
Dodge: Dodged            |    90 |    82 |   117 ||   289
